Match 46519082
Unlisted

Match 46519082
End
Royal Engineer Section
Construct Section Command Post
Infantry Section
Vickers Machine Gun Team
Construct Field Infirmary
Infantry Section
Infantry Section
Construct Platoon Command Post
Infantry Section
Selects Heavy Armor Battlegroup
Selects Rigorous Vehicle Training
Selects Forward Repair Assembly
Infantry Training
Humber Armored Car
6-pounder Anti-tank Gun Team
Construct Company Command Post
Selects Churchill Black Prince Heavy Tank
Churchill Black Prince Heavy Tank
Selects Light Vehicle Withdraw and Refit
Royal Engineer Section
Armored Vehicle Training
Selects Radio Net
Selects Recon Artillery
Recon Artillery
Duein
Dark Lord Cthulhu
0
0

Comments sign in to comment!

No comments posted yet!